General information
- name: BNet
- type: Ladder 1vs1/FFA
- host: Battle.net
- saver: schmitty9800
map: TurtleRock
- players: 2
- length: 17:54
- speed: Fast
- version: 1.24 W3XP
- replay type: Public
» download(55 KB)
Players
team 1 (loser)
yeuxyeux2 (
orange | 32 APM | 572 actions | 17:53)
3 Far Seer
1 Feral Spirit
2 Chain Lighting
2 Shadow Hunter
1 Hex
1 Healing Wave
» actions
| Basic commands | 6 | |
| Build / train | 53 | |
| Enter build submenu | 18 | |
| Enter hero's abilities submenu | 5 | |
| Remove unit from queue | 1 | |
| Right click | 206 | |
| Select / deselect | 237 | |
| Use ability | 46 | |
572 total
» units
| Peon | 9 | |
| Grunt | 6 | |
| Troll Headhunter/Berserker | 17 | |
| Tauren | 4 | |
36 total
» upgrades
| Ranged Weapons | 1 | |
| Armor | 1 | |
| Pulverize | 1 | |
3 total
» buildings
| Altar of Storms | 1 | |
| Orc Burrow | 7 | |
| Barracks | 1 | |
| War Mill | 1 | |
| Voodoo Lounge | 1 | |
| Watch Tower | 5 | |
| Stronghold | 1 | |
| Fortress | 1 | |
| Tauren Totem | 1 | |
19 total
» build order
00:09 Altar of Storms
00:15 Orc Burrow
00:22 Barracks
01:42 Orc Burrow
02:34 War Mill
02:58 Orc Burrow
03:34 Voodoo Lounge
04:23 Watch Tower
05:13 Watch Tower
05:52 Stronghold
06:58 Orc Burrow
07:03 Orc Burrow
07:08 Watch Tower
07:23 Watch Tower
07:47 Watch Tower
08:44 Fortress
11:14 Tauren Totem
13:53 Orc Burrow
15:01 Orc Burrow
» items
| Healing Salve | 1 | |
| Scroll of Speed | 3 | |
4 total
team 2 (winner)

»
schmitty9800 (
red | 109 APM | 1957 actions | 17:54)
5 Archmage
3 Summon Water Elemental
2 Brilliance Aura
4 Naga Sea Witch
2 Frost Arrows
2 Forked Lightning
» actions
| Assign group hotkey | 57 | |
| Basic commands | 45 | |
| Build / train | 67 | |
| ESC pressed | 4 | |
| Enter build submenu | 29 | |
| Enter hero's abilities submenu | 9 | |
| Give item / drop item | 3 | |
| Right click | 755 | |
| Select / deselect | 329 | |
| Select group hotkey | 565 | |
| Use ability | 94 | |
1957 total
» units
| Peasant | 12 | |
| Footman | 6 | |
| Priest | 3 | |
| Spell Breaker | 5 | |
| Sorceress | 6 | |
| Rifleman | 5 | |
37 total
» upgrades
| Defend | 1 | |
| Priest Training | 2 | |
| Sorceress Training | 2 | |
| Masonry | 1 | |
| Long Rifles | 1 | |
| Magic Sentry | 1 | |
| Control Magic | 1 | |
9 total
» buildings
| Altar of Kings | 1 | |
| Barracks | 2 | |
| Farm | 9 | |
| Scout Tower | 5 | |
| Arcane Tower | 2 | |
| Keep | 1 | |
| Lumber Mill | 1 | |
| Arcane Vault | 1 | |
| Arcane Sanctum | 2 | |
| Blacksmith | 1 | |
| Town Hall | 1 | |
| Castle | 1 | |
| Guard Tower | 1 | |
28 total
» build order
00:06 Altar of Kings
00:14 Barracks
00:22 Farm
00:47 Farm
01:27 Scout Tower
02:01 Arcane Tower
02:05 Farm
03:16 Keep
04:00 Farm
04:07 Lumber Mill
05:09 Arcane Vault
05:48 Farm
05:53 Arcane Sanctum
05:56 Arcane Sanctum
06:03 Farm
08:11 Blacksmith
10:13 Farm
11:06 Town Hall
11:13 Scout Tower
11:14 Scout Tower
11:15 Scout Tower
12:39 Farm
13:27 Castle
13:44 Guard Tower
13:46 Scout Tower
14:06 Barracks
14:52 Arcane Tower
15:28 Farm
» items
| Scroll of Regeneration | 1 | |
| Scroll of Healing | 2 | |
| Scroll of Town Portal | 1 | |
| Scroll of Protection | 1 | |
5 total
Chat log
(00:45 / All) yeuxyeux2: good luck
(01:52 / All) yeuxyeux2: hello